 Dungeon Crawl Stone Soup version 0.31.0-9-g3a7656b989 (webtiles) character file.

Game seed: 13919211700409723435

50 qw the Shooter (level 3, 0/18 HPs)
             Began as a Spriggan Hunter on Feb 2, 2024.
             Killed from afar by Jessica (13 damage)
             ... with a puff of flame
             ... on level 2 of the Dungeon.
             The game lasted 00:00:02 (809 turns).

qw the Shooter (Spriggan Hunter)                     Turns: 809, Time: 00:00:03

Health: 0/18       AC:  2    Str:  7    XL:     3   Next: 55%
Magic:  4/4        EV: 19    Int: 10    God:
Gold:   51         SH:  0    Dex: 20    Spells: 2/2 levels left

rFire   . . .        a - +0 shortbow
rCold   . . .        (shield currently unavailable)
rNeg    . . .        c - +0 robe
rPois   .            (helmet restricted)
rElec   .            (no cloak)
rCorr   .            (gloves unavailable)
SInv    +            (boots unavailable)
Will    .....        (no amulet)
Stlth   ++           (no ring)
HPRegen 0.23/turn    (no ring)
MPRegen 0.09/turn

%: no passive effects
@: slowed, quick
A: very small, no large weapons, unfitting armour, see invisible, speed 3
a: no special abilities


You were on level 2 of the Dungeon.
You visited 1 branch of the dungeon, and saw 2 of its levels.

You collected 51 gold pieces.


Innate Abilities, Weirdness & Mutations

You are very small and have problems with some larger weapons.
You are too small for most types of armour.
You have supernaturally acute eyesight. (SInv)
You cover ground extremely quickly. (Speed+++)


   Skills:
 - Level 1.5 Fighting
 + Level 4.8 Ranged Weapons
 - Level 4.0 Dodging
 - Level 1.5 Stealth


You had 2 spell levels left.
You didn't know any spells.
Your spell library was empty.

Inventory:

Hand Weapons
 a - a +0 shortbow (weapon)
Armour
 c - a +0 robe (worn)
Scrolls
 b - 3 scrolls of identify
Potions
 h - a potion of heal wounds {unknown}
 i - a potion of cancellation
 j - a potion of ambrosia {unknown}

Dungeon Overview and Level Annotations

Branches:
Dungeon (2/15)

Altars:

Shops:
D:1 [[[(:

Annotations:
D:2 Jessica


Message History

There is a stone staircase leading down here.
Found a robe.
Found a plate armour.
Jessica and a hobgoblin come into view.
Jessica is wielding a +0 dagger and carrying a wand of flame.
You see here a +0 robe.
You shoot an arrow.
The arrow hits Jessica but does no damage.
Jessica shouts!
Jessica zaps a wand.
The puff of flame hits you!
Ouch! That really hurt!
795 ||| FLEEEEING.
796 ||| FLEEEEING.
You start resting.
A hobgoblin is nearby!
801 ||| FLEEEEING.
802 ||| FLEEEEING.
You shoot an arrow.
The arrow hits the hobgoblin but does no damage.
You shoot an arrow. The arrow barely misses the hobgoblin.
You shoot an arrow. The arrow hits the hobgoblin!
You kill the hobgoblin!
You shoot an arrow. The arrow hits Jessica.
Jessica is moderately wounded.
Jessica zaps a wand.
The puff of flame misses you. Jessica gestures at you while chanting.
You feel yourself slow down.
You shoot an arrow. The arrow barely misses Jessica.
Jessica mumbles some strange words.
Jessica seems to speed up.
You shoot an arrow.
The arrow hits Jessica but does no damage.
Jessica is moderately wounded.
Jessica mumbles some strange words.
Jessica blinks!
You shoot an arrow. The arrow hits Jessica.
Jessica is severely wounded.
Jessica zaps a wand.
The puff of flame hits you!
Ouch! That really hurt!
You die...

......#
......############
................>#
...#############.#
#### #.# #.# #.#
#.# ###@# # #.%@#
#.. #.#.#
#...###.#.#
#.....[.#.#
.@g[.......#
..##########


You could see Jessica (fast).

Vanquished Creatures
  2 adders (D:2)
  3 dart slugs (D:1)
  4 ball pythons (D:1)
  3 endoplasms
  3 hobgoblins
  A kobold (D:1)
  6 bats
  3 frilled lizards (D:1)
  2 rats (D:1)
27 creatures vanquished.

Notes
Turn   | Place    | Note
-------+----------+-------------------------------------------
     0 | D:1      | qw the Spriggan Hunter began the quest for the Orb.
     0 | D:1      | Reached XP level 1. HP: 10/10 MP: 2/2
     0 | D:1      | 0 ||| qw: Version: 0.3-a-155-g5e7d8dd
     0 | D:1      | 0 ||| qw: Game counter: 840
     0 | D:1      | 0 ||| qw: Melee chars always use a shield: true
     0 | D:1      | 0 ||| qw: God list: Okawaru
     0 | D:1      | 0 ||| qw: Allow faded altars: false
     0 | D:1      | 0 ||| qw: Do Orc after clearing Dungeon:15 true
     0 | D:1      | 0 ||| qw: Do second Lair branch before Depths: true
     0 | D:1      | 0 ||| qw: Lair rune preference: random
     0 | D:1      | 0 ||| qw: Goals: Normal
     0 | D:1      | 0 ||| PLANNING D:1-11
    50 | D:1      | Found Nisumaimn's Book Shop.
    99 | D:1      | Found Lajas's Antique Armour Boutique.
   113 | D:1      | Reached skill level 3 in Dodging
   137 | D:1      | Reached XP level 2. HP: 14/14 MP: 3/3
   137 | D:1      | Found Imaurot's Armour Shop.
   151 | D:1      | 151 ||| READING scroll labelled RODEMI ENGIULO.
   217 | D:1      | Found Ecotuts's Antique Armour Shoppe.
   545 | D:1      | Found Meblymix's Weapon Shop.
   619 | D:1      | 619 ||| READING 2 scrolls labelled IPPODO CUGGEY.
   620 | D:1      | 620 ||| READING scroll labelled HYXZAM QAEMOP.
   623 | D:1      | 623 ||| READING scroll labelled UWKAIXAIKI.
   623 | D:1      | 623 ||| IDENTIFYING metallic cyan potion
   624 | D:1      | 624 ||| DRINKING 2 yellow potions.
   625 | D:1      | 625 ||| DROPPING scroll of butterflies.
   626 | D:1      | 626 ||| DROPPING scroll of noise.
   627 | D:1      | 627 ||| DROPPING potion of lignification.
   683 | D:2      | Reached XP level 3. HP: 18/18 MP: 4/4
   793 | D:2      | Noticed Jessica
   795 | D:2      | 795 ||| FLEEEEING.
   796 | D:2      | 796 ||| FLEEEEING.
   801 | D:2      | 801 ||| FLEEEEING.
   802 | D:2      | 802 ||| FLEEEEING.
   809 | D:2      | Killed from afar by Jessica

Levels and vault maps discovered:
D:1:      psy_arrival_conway, layout_loops_cross, serial_shops, shop,
          nicolae_shop_pleasant_corner_grove, shop, shop,
          nicolae_shop_waterfront, chequers_garden
D:2:      layout_basic, serial_shops, nicolae_shop_drivethru, uniq_jessica

Skill      XL: |  1  2 |
---------------+-------+-----
Dodging        | 3 4 |  4.0
Fighting       | |  1.5
Ranged Weapons | |  4.8
Stealth        | |  1.5

Action                     || total
---------------------------++-------
   Fire: Shortbow          ||    75
    Use: Scroll            ||     4
         Potion            ||     1
 Armour: Robe              ||     7
  Dodge: Dodged            ||    17

Table legend:
 A = Non-vault XP
 B = Vault XP
 C = Vault XP percentage of total XP
 D = Non-vault monster count
 E = Vault monster count
 F = Vault count percentage of total count
                 A         B        C        D         E       F
            +---------+---------+-------+---------+---------+-------
      Total |      72 |       0 |   0.0 |      27 |       0 |   0.0
            +---------+---------+-------+---------+---------+-------
        D:1 |      37 |       0 |   0.0 |      20 |       0 |   0.0
        D:2 |      35 |       0 |   0.0 |       7 |       0 |   0.0
            +---------+---------+-------+---------+---------+-------
